AoeStats
← kpsu8366

QS Arena

503334959Analyzed
4v4 RM · 1mo ago on Aug 31, 2026· 37m 30s· 8 players
Game mode
Random Map
Map size
Large (8 player)
Population
200
Speed
Normal
Resources
Standard
Victory
Conquest
Starting age
Dark Age
Ending age
Imperial Age
RankedLock teamsTeams togetherTeam positionsShared explorationLock speedFull tech treeHidden civsTurbo modeCheats
Victory
Defeat
🇨🇳 Mongols · China
1000
+8
🇺🇸 Italians · United States
971
+9
🇩🇴 Romans · Dominican Republic
732
+19
🇺🇸 Persians · United States
673
+22
🇲🇽 Khmer · Mexico
847
-16
🇳🇿 Koreans · New Zealand
820
-15
🇲🇽 Aztecs · Mexico
766
-12
🇲🇽 Huns · Mexico
764
-19
L0rd Str1d3r
0:28 Loom
9:07 Feudal Age
14:36 Castle Age
13:56 Double-Bit Axe
13:53 Horse Collar
15:47 Bow Saw
25:50 Gold Mining
25:51 Stone Mining
28:27 Bloodlines
28:18 Husbandry
31:16 Imperial Age
31:16 Gold Shaft Mining
31:19 Stone Shaft Mining
31:12 Heavy Plow
30:53 Light Cavalry
32:40 Wheelbarrow
32:04 Heavy Scorpion
33:34 Double Crossbow
34:11 Hoardings
34:23 Wheelbarrow
Goberneitor
10:36 Feudal Age
8:52 Loom
14:17 Double-Bit Axe
15:36 Wheelbarrow
14:47 Town Watch
17:09 Wheelbarrow
16:20 Town Watch
17:19 Horse Collar
22:10 Castle Age
25:51 Caravan
28:36 Bow Saw
31:19 Coinage
32:00 Hand Cart
31:50 Town Patrol
36:40 Imperial Age
36:14 Forging
36:04 Scale Mail Armor
36:44 Heavy Cavalry Archer
Sadek
7:18 Loom
7:30 Loom
9:18 Feudal Age
10:57 Wheelbarrow
10:09 Double-Bit Axe
10:06 Horse Collar
16:29 Town Watch
20:58 Castle Age
19:50 Gold Mining
19:54 Stone Mining
22:46 Fletching
23:41 Heavy Plow
27:11 Fervor
27:01 Murder Holes
26:47 Treadmill Crane
27:18 Fortified Wall
27:34 Bow Saw
28:30 Stone Shaft Mining
28:33 Gold Shaft Mining
29:20 Hand Cart
29:08 Town Patrol
29:11 Scale Mail Armor
29:21 Forging
29:06 Bodkin Arrow
29:11 Padded Archer Armor
29:16 Squires
30:16 Caravan
29:54 Pikeman
31:13 Atlatl
31:51 Arson
31:28 Elite Skirmisher
36:02 Imperial Age
35:48 Sanctity
lav3rn3
0:44 Loom
11:13 Feudal Age
13:19 Wheelbarrow
12:34 Double-Bit Axe
12:33 Horse Collar
15:41 Fletching
19:21 Castle Age
17:29 Gold Mining
17:32 Stone Mining
18:36 Town Watch
20:45 Crossbowman
22:50 Hand Cart
24:01 Gold Shaft Mining
27:59 Thumb Ring
31:57 Imperial Age
33:06 Shinkichon
33:49 Bodkin Arrow
37:05 Bow Saw
36:58 Heavy Plow
CreasingCloth35
8:41 Feudal Age
9:41 Double-Bit Axe
12:44 Castle Age
10:34 Horse Collar
14:52 Bow Saw
18:21 Loom
19:18 Stone Mining
21:10 Wheelbarrow
21:59 Fletching
23:10 Bodkin Arrow
23:45 Heavy Plow
24:16 Ballistics
27:40 Imperial Age
26:17 Padded Archer Armor
28:12 Gold Mining
28:55 Conscription
28:39 Bracer
28:55 Leather Archer Armor
29:43 Chemistry
30:40 Elite Genoese Crossbowman
Nothing happened, go cry!
9:46 Feudal Age
9:54 Feudal Age
15:38 Castle Age
14:53 Double-Bit Axe
14:50 Horse Collar
15:08 Gold Mining
14:52 Man-at-Arms
16:09 Stone Mining
16:09 Loom
17:24 Squires
18:01 Bow Saw
19:03 Long Swordsman
20:43 Town Watch
21:14 Pikeman
23:28 Heavy Plow
25:05 Wheelbarrow
26:35 Gold Shaft Mining
27:18 Fletching
27:30 Padded Archer Armor
30:36 Fervor
33:36 Imperial Age
31:24 Hand Cart
31:10 Town Patrol
31:49 Bodkin Arrow
32:05 Forging
31:55 Scale Mail Armor
31:36 Elite Skirmisher
33:07 Fortified Wall
33:17 Ballistics
32:54 Murder Holes
33:16 Leather Archer Armor
33:12 Forging
33:10 Scale Barding Armor
34:40 Chain Mail Armor
34:02 Legionary
34:03 Halberdier
35:55 Masonry
36:45 Chemistry
37:17 Heavy Scorpion
37:21 Capped Ram
Kris
11:17 Feudal Age
15:58 Castle Age
14:30 Double-Bit Axe
14:26 Horse Collar
14:41 Stone Mining
15:47 Gold Mining
16:38 Bow Saw
24:11 Gold Shaft Mining
30:14 Imperial Age
27:30 Town Watch
27:34 Loom
28:20 Kamandaran
28:26 Crossbowman
29:12 Thumb Ring
30:03 Wheelbarrow
31:57 Heavy Plow
34:02 Two-Man Saw
34:42 Chemistry
34:03 Ballistics
35:21 Hand Cart
35:07 Town Patrol
36:42 Padded Archer Armor
36:32 Fletching
36:15 Elite War Elephant
37:39 Leather Archer Armor
37:29 Scale Barding Armor
38:24 Stone Shaft Mining
kpsu8366
8:46 Feudal Age
13:21 Castle Age
11:14 Double-Bit Axe
11:12 Horse Collar
12:42 Loom
14:40 Bow Saw
14:57 Heavy Plow
24:43 Fervor
25:18 Stone Mining
28:57 Imperial Age
26:54 Fletching
27:57 Bodkin Arrow
28:07 Padded Archer Armor
28:31 Ballistics
28:02 Gold Mining
28:49 Stone Shaft Mining
29:35 Gold Shaft Mining
29:42 Elite Mangudai
30:46 Conscription
31:39 Chemistry
31:32 Wheelbarrow
31:17 Leather Archer Armor
31:44 Bloodlines
31:36 Husbandry
32:10 Parthian Tactics
31:58 Bracer
32:59 Hand Cart
32:31 Town Watch
32:56 Thumb Ring
34:02 Siege Engineers
35:15 Drill
35:33 Onager
37:02 Siege Onager
Connection lost

Rejoining the realm…

Still unreachable

The connection could not be restored.

Session expired

The server has moved on; the page needs a fresh start.